 Dungeon Crawl Stone Soup version 0.18.1-48-g4cf74bf (webtiles) character file.

382 Stickman67 the Sneak (level 6, -4/32 HPs)
             Began as a Vine Stalker Assassin on July 1, 2016.
             Slain by an ogre
             ... wielding a +0 giant club
              (9 damage)
             ... on level 4 of the Dungeon.
             The game lasted 00:19:13 (2026 turns).

Stickman67 the Sneak (Vine Stalker Assassin)        Turns: 2026, Time: 00:19:14

Health: -4/32      AC:  5    Str: 15    XL:     6   Next: 76%
Magic:  0/7        EV: 14    Int: 11    God:
Gold:   149        SH:  5    Dex: 16    Spells: 0 memorised, 5 levels left

rFire  + . .     SeeInvis .     t - +1 dagger (freeze)
rCold  . . .     Gourm    .     s - +0 robe
rNeg   . . .     Faith    .     (no shield)
rPois  .         Spirit   +     (no helmet)
rElec  .         Dismiss  .     q - +1 cloak
rCorr  .         Reflect  +     (no gloves)
SustAt .         Harm     .     w - +0 pair of boots
MR     .....                    i - +5 amulet of reflection
Stlth  ++++......               y - ring of fire
                                r - ring of protection from cold

@: not resistant to hostile enchantments, stealthy
A: fangs 2, regeneration 2, magic shield, antimagic bite, no device heal 3, rot
immunity
a: no special abilities


You were on level 4 of the Dungeon.
You were not hungry.

You visited 1 branch of the dungeon, and saw 4 of its levels.

You collected 149 gold pieces.

Inventory:

Hand Weapons
 a - a +2 dagger
 b - a +0 blowgun
 h - a +3 trident
 t - a +1 dagger of freezing (weapon)
Missiles
 e - 25 poisoned needles
 f - 10 curare-tipped needles
Armour
 q - a +1 cloak (worn)
 s - a +0 robe (worn)
 w - a +0 pair of boots (worn)
Jewellery
 c - an uncursed ring of wizardry
 i - a +5 amulet of reflection (around neck)
 r - a ring of protection from cold (left hand)
 y - a ring of fire (right hand)
Wands
 d - a wand of teleportation (5/9)
Scrolls
 k - 3 scrolls of remove curse
 n - a scroll of identify {unknown}
 o - a scroll of noise {unknown}
 x - 2 scrolls of magic mapping {unknown}
Potions
 l - a potion of heal wounds
 m - a potion of lignification {unknown}
 v - a potion of brilliance {unknown}
 z - a potion of haste {unknown}
Comestibles
 g - 3 bread rations
 j - a meat ration
 p - 2 beef jerkies
 u - 5 fruits


   Skills:
 + Level 2.4 Fighting
 + Level 2.7 Short Blades
 + Level 1.7 Throwing
 + Level 3.7 Dodging
 + Level 6.9 Stealth


You had 5 spell levels left.
You didn't know any spells.

Dungeon Overview and Level Annotations

Branches:
Dungeon (4/15)
 Temple: D:4-7

Altars:
Yredelemnul
The Shining One


Innate Abilities, Weirdness & Mutations

You have extremely sharp teeth.
You heal very quickly.
When hurt, damage is shared between your health and your magic reserves.
Your bite disrupts and absorbs the magic of your enemies.
Potions and wands cannot restore your health.
You are immune to rotting.


Message History

Sigmund closely misses you.
You completely miss Sigmund. Your bite misses Sigmund.
Sigmund is severely wounded.
You hit Sigmund. You freeze Sigmund.
Sigmund is almost dead.
Sigmund barely misses you.
You hit Sigmund. You freeze Sigmund. Your bite misses Sigmund.
Sigmund is almost dead.
Sigmund hits you with a scythe.
* * * LOW HITPOINT WARNING * * *
You hit Sigmund. You freeze Sigmund.
You kill Sigmund!
Your Dodging skill increases to level 3!
You have reached level 6!
Your experience leads to an increase in your attributes!
Increase (S)trength, (I)ntelligence, or (D)exterity?
You feel agile.
You begin to heal more quickly.
The ogre hits you with a giant club!
You die...

#.#.# #.# #.#
##<..# #.#
#.# #..###
#.# #.. #..#
#.# ### #..#
#.# # #..#
#)# # #..#
#.# #
#..########O#
#
#.........@.#
#
##.#######..#
# #.# #..<..
#.# ##.##...
#.# #.. ...
### #### .. [


You could see an ogre.

Vanquished Creatures
  Sigmund (D:4)
  A hound (D:3)
  An orc priest (D:3)
  A gnoll (D:1)
  5 adders
  3 oozes
  A worm (D:4)
  3 dart slugs (D:2)
  2 giant geckos
  5 orcs
  3 ball pythons
  3 giant cockroaches
  7 goblins
  4 hobgoblins
  4 jackals (D:3)
  A quokka (D:3)
  10 bats
  A giant gecko skeleton (D:4)
  3 giant newts (D:1)
  2 gnoll zombies (D:2)
  8 kobolds
  3 rats
72 creatures vanquished.

Notes
Turn   | Place    | Note
--------------------------------------------------------------
     0 | D:1      | Stickman67 the Vine Stalker Assassin began the quest for the Orb.
     0 | D:1      | Reached XP level 1. HP: 11/11 MP: 2/2
    44 | D:1      | Reached skill level 5 in Stealth
   165 | D:1      | Reached XP level 2. HP: 14/15 MP: 3/3
   436 | D:1      | Reached skill level 1 in Dodging
   452 | D:1      | Reached XP level 3. HP: 12/18 MP: 4/4
   752 | D:2      | Found a basalt altar of Yredelemnul.
   916 | D:2      | Found a glowing golden altar of the Shining One.
   923 | D:2      | Reached skill level 6 in Stealth
   971 | D:2      | Reached XP level 4. HP: 19/23 MP: 5/5
  1425 | D:3      | Reached XP level 5. HP: 13/26 MP: 3/6
  1996 | D:4      | Noticed Sigmund
  2000 | D:4      | Noticed an ogre
  2023 | D:4      | Killed Sigmund
  2023 | D:4      | Gained mutation: You heal very quickly. [Vine Stalker growth]
  2023 | D:4      | Reached XP level 6. HP: 4/32 MP: 3/7
  2026 | D:4      | Slain by an ogre

Skill      XL: |  1  2  3  4  5 |
---------------+----------------+-----
Stealth        | 5 6 |  6.9
Short Blades   | 2 |  2.7
Dodging        | 1 2 3 |  3.7
Fighting       | 2 |  2.4
Throwing       | |  1.7

Action                   |  1- 3 |  4- 6 || total
-------------------------+-------+-------++-------
Melee: Dagger            |    99 |   177 ||   276
       Bite              |    23 |    52 ||    75
  Use: Potion            |     1 |     2 ||     3
       Scroll            |       |     2 ||     2
 Stab: Sleeping          |     3 |     2 ||     5
  Eat: Beef jerky        |     1 |       ||     1
       Bread ration      |       |     1 ||     1
Armor: Robe              |    35 |    38 ||    73
Dodge: Dodged            |    38 |   103 ||   141
Block: Other             |    26 |    55 ||    81
